 Dungeon Crawl Stone Soup version 0.17-a0-1404-gb8113a6 (webtiles) character file.

494 Fluffy the Slasher (level 6, -5/48 HPs)
             Began as a Demonspawn Gladiator on June 21, 2015.
             Slain by an ogre
             ... wielding a +0 giant club
              (13 damage)
             ... on level 4 of the Dungeon.
             The game lasted 00:09:11 (4084 turns).

Fluffy the Slasher (Demonspawn Gladiator)           Turns: 4084, Time: 00:09:11

Health: -5/48      AC: 17    Str: 18    XL:     6   Next: 92%
Magic:  6/6        EV:  5    Int:  9    God:
Gold:   180        SH:  0    Dex: 16    Spells: 0 memorised, 5 levels left

rFire  . . .     SeeInvis .     a - +1 long sword
rCold  . . .     Clarity  .     b - +0 plate armour
rNeg   . . .     SustAt   .     (no shield)
rPois  .         Gourm    .     (helmet restricted)
rElec  .         Spirit   .     (no cloak)
rCorr  .         Warding  .     w - +2 pair of gloves
rMut   .         Stasis   +     (no boots)
MR     .....                    q - amulet of stasis
Stlth  ..........               (no ring)
                                n - +3 ring of dexterity

@: confused, not resistant to hostile enchantments, extremely unstealthy
A: antennae 1, molten scales 2
a: no special abilities


You were on level 4 of the Dungeon.
You were not hungry.

You visited 1 branch of the dungeon, and saw 4 of its levels.

You collected 180 gold pieces.

Inventory:

Hand weapons
 a - a +1 long sword (weapon)
Missiles
 d - 3 throwing nets (quivered)
Armour
 b - a +0 plate armour (worn)
 w - a +2 pair of gloves (worn)
Jewellery
 n - a +3 ring of dexterity (left hand)
 q - an amulet of stasis (around neck)
 y - an uncursed amulet of resist corrosion
Magical devices
 c - a wand of polymorph (9)
 r - a wand of invisibility (9)
Scrolls
 g - a scroll of fog
Potions
 f - 2 potions of heal wounds
 j - 4 potions of curing
 m - a potion of lignification {unknown}
 o - a potion of might {unknown}
 s - a potion of agility {unknown}
 t - 2 potions of brilliance {unknown}
 u - a potion of resistance {unknown}
 z - a potion of flight {unknown}
 A - a potion of degeneration {unknown}
 B - 2 potions of invisibility {unknown}
Comestibles
 e - 2 bread rations
 p - a meat ration


   Skills:
 + Level 3.7 Fighting
 + Level 5.3 Long Blades
 - Level 1.7 Throwing
 + Level 2.7 Armour
 - Level 3.4 Dodging


You had 5 spell levels left.
You didn't know any spells.

Dungeon Overview and Level Annotations

Branches:
Dungeon (4/15)
 Temple: D:4-7

Altars:


Innate Abilities, Weirdness & Mutations

You have a pair of small antennae on your head.
You are mostly covered in molten scales (AC +3, EV -1).


Message History

The ogre is severely wounded.
The ogre barely misses you.
You're too confused to move!
The ogre hits you but does no damage.
You bump into the rock wall.
The ogre hits you with a giant club!
* * * LOW HITPOINT WARNING * * *
You bump into the rock wall.
The ogre hits you with a giant club.
* * * LOW HITPOINT WARNING * * *
You bump into the rock wall.
You bump into the rock wall.
You feel less invigorated.
You feel less confused. The ogre hits you with a giant club!
* * * LOW HITPOINT WARNING * * *
Drink which item? (? for menu, Esc to quit)
You are confused.
You feel invigorated.
The rat twitches its whiskers.
The ogre hits you with a giant club.
* * * LOW HITPOINT WARNING * * *
You bump into the rock wall.
The ogre hits you with a giant club!
You die... .p.....### #.# pp.......

#.# # ........# ######.#### #.#
#....#.##.. #.# #....#.##.#
########.##.##########....#.##.#
..................[.............
###....###############....#.##..
............rSO@................
.#.....#######################.#
#..... #.# #..... #.# .......
#.# .r).... #.# ###.... #.#
#.... #.# #.#


You could see an ogre, an adder and a rat.

Vanquished Creatures
  Sigmund (D:2)
  2 slaves (D:4)
  A jelly (D:3)
  A centaur skeleton (D:4)
  2 orc priests (D:4)
  A hound (D:4)
  Terence (D:2)
  An orc wizard (D:4)
  2 adders
  3 gnolls (D:4)
  A worm (D:2)
  6 giant geckos
  4 orcs (D:4)
  3 giant cockroaches
  8 goblins
  6 hobgoblins
  3 jackals (D:1)
  8 kobolds
  9 bats
  7 giant newts
  10 rats
80 creatures vanquished.

Notes
Turn   | Place    | Note
--------------------------------------------------------------
     0 | D:1      | Fluffy the Demonspawn Gladiator began the quest for the Orb.
     0 | D:1      | Reached XP level 1. HP: 16/16 MP: 1/1
   168 | D:1      | Reached skill level 3 in Long Blades
   194 | D:1      | Gained mutation: You are partially covered in molten scales (AC +1). [demonic ancestry]
   194 | D:1      | Reached XP level 2. HP: 12/22 MP: 2/2
  1005 | D:1      | Gained mutation: You have a pair of small antennae on your head. [demonic ancestry]
  1005 | D:1      | Reached XP level 3. HP: 24/27 MP: 3/3
  1670 | D:2      | Reached skill level 4 in Long Blades
  2038 | D:2      | Noticed Terence
  2091 | D:2      | Killed Terence
  2091 | D:2      | Gained mutation: You are mostly covered in molten scales (AC +3, EV -1). [demonic ancestry]
  2091 | D:2      | Reached XP level 4. HP: 18/33 MP: 4/4
  2283 | D:2      | Noticed Sigmund
  2337 | D:2      | Killed Sigmund
  2337 | D:2      | Reached skill level 1 in Armour
  2337 | D:2      | Reached XP level 5. HP: 31/40 MP: 5/5
  2713 | D:3      | Reached skill level 5 in Long Blades
  2713 | D:3      | Reached XP level 6. HP: 17/47 MP: 6/6
  4084 | D:4      | Slain by an ogre

Vault maps used:
D:1:      grunt_arrival_crossed_arrows
D:2:      uniq_sigmund, uniq_terence
D:3:      first_bread
D:4:      old_forge, evilmike_ruin_ashenzari, uniq_pikel, uniq_blork_the_orc

Action                   |  1- 3 |  4- 6 || total
-------------------------+-------+-------++-------
Melee: Long sword        |   138 |   185 ||   323
       Unarmed           |       |     8 ||     8
  Use: Potion            |     1 |     4 ||     5
       Scroll            |       |     6 ||     6
 Stab: Sleeping          |     1 |       ||     1
  Eat: Chunk             |     1 |     5 ||     6
       Bread ration      |     1 |       ||     1
